 Dungeon Crawl Stone Soup version 0.31.0-11-ge490571c62 (webtiles) character file.

Game seed: 16416189491031517093

776 dialectric the Covert (level 7, -2/35 HPs)
             Began as a Spriggan Brigand on Jan 31, 2024.
             Was an Initiate of Dithmenos.
             Slain by an orc
             ... wielding a +0 trident
              (8 damage)
             ... on level 6 of the Dungeon.
             The game lasted 00:05:27 (4093 turns).

dialectric the Covert (Spriggan Brigand)            Turns: 4093, Time: 00:05:28

Health: -2/35      AC:  3    Str:  7    XL:     7   Next: 54%
Magic:  8/8        EV: 18    Int: 12    God:    Dithmenos [......]
Gold:   301        SH:  0    Dex: 19    Spells: 6/6 levels left

rFire   . . .        l - +0 short sword (drain)
rCold   . . .        (no shield)
rNeg    . . .        b - +0 robe
rPois   .            (helmet restricted)
rElec   .            c - +0 cloak
rCorr   .            (gloves unavailable)
SInv    +            (boots unavailable)
Will    ++...        (no amulet)
Stlth   +++++        n - ring of willpower
HPRegen 0.25/turn    z - ring of flight
MPRegen 0.11/turn

%: no passive effects
@: flying, very quick
A: very small, no large weapons, unfitting armour, see invisible, speed 3
a: Renounce Religion


You were on level 6 of the Dungeon.
You worshipped Dithmenos.
Dithmenos was noncommittal.
You visited 2 branches of the dungeon, and saw 8 of its levels.

You collected 301 gold pieces.

Inventory:

Hand Weapons
 a - a +2 dagger
 l - a +0 short sword of draining (weapon)
Missiles
 d - 9 poisoned darts (quivered)
 e - 3 curare-tipped darts
Armour
 b - a +0 robe (worn)
 c - a +0 cloak (worn)
 v - a +0 pair of gloves
Jewellery
 n - a ring of willpower (left hand)
 z - a ring of flight (right hand)
Wands
 r - a wand of iceblast (10)
 s - a wand of flame (19)
 t - a wand of light (9)
 y - a wand of mindburst (16)
Scrolls
 g - 2 scrolls of poison {unknown}
 i - a scroll of noise {unknown}
 j - a scroll of immolation {unknown}
 m - a scroll of vulnerability {unknown}
 o - a scroll of fear
 p - a scroll of blinking {unknown}
 q - 5 scrolls of identify {unknown}
 x - a scroll of summoning {unknown}
Potions
 f - 2 potions of curing {unknown}
 h - 2 potions of enlightenment {unknown}
 k - a potion of invisibility {unknown}
 u - 3 potions of cancellation {unknown}
 w - a potion of experience {unknown}


   Skills:
 - Level 2.3 Fighting
 + Level 4.6 Short Blades
 - Level 2.1 Throwing
 + Level 3.6 Dodging
 * Level 11.7 Stealth


You had 6 spell levels left.
You didn't know any spells.
Your spell library contained the following spells:

 Spells                   Type           Power      Damage    Failure   Level
 Jinxbite                 Hex            0%         N/A       45%         2
 Yara's Violent Unravell  Hex/Alch       0%         3d3       100%        5
 Enfeeble                 Hex            0%         N/A       100%        7


Dungeon Overview and Level Annotations

Branches:
Dungeon (7/15)             Temple (1/1) D:4

Altars:
Ashenzari
Cheibriados
Dithmenos
Elyvilon
Fedhas
Gozag
Hepliaklqana
Kikubaaqudgha
Makhleb
Nemelex Xobeh
Qazlal
Ru
Sif Muna
Trog
Uskayaw
Vehumet
Xom
Yredelemnul
Zin
The Shining One

Shops:
D:4 (


Innate Abilities, Weirdness & Mutations

You are very small and have problems with some larger weapons.
You are too small for most types of armour.
You have supernaturally acute eyesight. (SInv)
You cover ground extremely quickly. (Speed+++)


Message History

The orc closely misses you.
Unknown command.
The orc hits you with a +0 flail. x2
The orc wizard casts a spell at you. The magic dart hits you!
You are too injured to fight recklessly!
You closely miss the orc.
You are too injured to fight recklessly!
Unknown command.
You are too injured to fight recklessly!
You hit the orc wizard but do no damage.
The orc wizard is heavily wounded.
The orc barely misses you. The orc completely misses you. x2
The orc wizard hits you but does no damage.
Unknown command.
You closely miss the orc wizard.
The orc wizard is heavily wounded.
The orc barely misses you. The orc misses you.
The orc hits you with a +0 flail. The orc wizard misses you.
You hit the orc wizard.
The orc wizard is severely wounded.
The orc barely misses you. The orc misses you. The orc barely misses you.
The orc wizard misses you.
Unknown command.
You barely miss the orc wizard.
The orc wizard is severely wounded.
Unknown command.
You hit the orc wizard.
The orc wizard is almost dead.
The orc closely misses you. The orc hits you with a +0 flail.
* * * LOW HITPOINT WARNING * * *
The orc misses you.
The orc wizard hits you with a +0 dagger.
* * * LOW HITPOINT WARNING * * *
Okay, then.
You hit the orc wizard.
You kill the orc wizard!
Dithmenos accepts your kill.
The orc hits you from afar with a +0 trident!
You die...

#'.#._.#.+##'.###..###
.#.#...#.#..####..##
.#.+...'.#..###...#
.+###'###'..'.#..##
.#.......#..#...##
.#.......#..#...#
#+###'###+#####.##
......# #).###..##
......# ##@o......
......# #..o.......
......# .....o.....).
......# ##............
......# #...........[
.....## ##...........
.....# ###.....<...
.(..## #####.#### .


You could see 3 orcs.

Vanquished Creatures
  A sky beast (D:4)
  2 black bears (D:6)
  A centaur (D:6)
  A phantom (D:5)
  A howler monkey (D:5)
  3 hounds
  A bombardier beetle (D:6)
  An orc priest (D:6)
  3 orc wizards (D:6)
  3 adders
  3 ribbon worms
  3 dart slugs (D:4)
  14 orcs
  8 ball pythons
  3 bats
  5 endoplasms
  4 giant cockroaches (D:1)
  3 goblins
  9 hobgoblins
  4 quokkas
  2 frilled lizards
  9 kobolds
  5 rats
89 creatures vanquished.

Notes
Turn   | Place    | Note
-------+----------+-------------------------------------------
     0 | D:1      | dialectric the Spriggan Brigand began the quest for the
                  | Orb.
     0 | D:1      | Reached XP level 1. HP: 10/10 MP: 2/2
   105 | D:1      | Reached skill level 6 in Stealth
   171 | D:1      | Reached XP level 2. HP: 15/15 MP: 3/3
   572 | D:1      | Reached XP level 3. HP: 18/18 MP: 4/4
  1440 | D:2      | Found a faded altar of an unknown god.
  1478 | D:3      | You fall into a shaft and drop 2 floors!
  1478 | D:5      | Entered Level 5 of the Dungeon
  1550 | D:5      | Reached skill level 7 in Stealth
  1550 | D:5      | Reached XP level 4. HP: 18/23 MP: 5/5
  1661 | D:5      | Found a glowing silver altar of Zin.
  1828 | D:5      | Noticed a phantom
  1829 | D:5      | Noticed an ice beast
  1849 | D:4      | Reached XP level 5. HP: 27/27 MP: 6/6
  2003 | D:4      | Reached skill level 8 in Stealth
  2045 | D:4      | Noticed a sky beast
  2048 | D:4      | Killed a sky beast
  2049 | D:4      | Reached skill level 9 in Stealth
  2106 | D:4      | Found a staircase to the Ecumenical Temple.
  2138 | D:4      | Reached XP level 6. HP: 31/31 MP: 7/7
  2319 | D:4      | Found Afehizol's Weapon Emporium.
  3003 | D:6      | Reached skill level 10 in Stealth
  3100 | D:6      | Found a hazy altar of Hepliaklqana.
  3243 | D:6      | Reached XP level 7. HP: 35/35 MP: 8/8
  3310 | D:6      | Reached skill level 11 in Stealth
  3492 | Temple   | Entered the Ecumenical Temple
  3554 | Temple   | Became a worshipper of Dithmenos the Shadowed
  4093 | D:6      | Slain by an orc

Illustrated notes

Levels and vault maps discovered:
D:1:      dpeg_arrival_leaves_temple_mockup, layout_loops_ring,
          chequers_big_river, minivault_19
D:2:      layout_loops_ring, dilly_ecumenical_altar_fadedgnrine
D:3:      layout_loops_ring
D:4:      layout_loops_cross, minmay_temple_entry_glassed_door, serial_shops,
          nicolae_square_shop
D:5:      layout_basic, mainiacjoe_overflow_catwalk
D:6:      layout_cave_pods, mainiacjoe_overflow_24_doors
D:7:      layout_loops_ring, enter_bailey_1, serial_demonic, serial_demonic_e,
          serial_demonic_f, serial_demonic_f, serial_demonic_b
Temple:   regret_index_temple_chain_breaker

Skill      XL: |  1  2  3  4  5  6  7 |
---------------+----------------------+-----
Stealth        | 6 7 9 10 11 | 11.7
Fighting       | 2 |  2.3
Short Blades   | 3 4 |  4.6
Dodging        | 2 3 |  3.6
Throwing       | |  2.1

Action                     |  1- 3 |  4- 6 |  7- 9 || total
---------------------------+-------+-------+-------++-------
  Melee: Dagger            |    82 |       |       ||    82
         Punch             |     2 |       |     2 ||     4
         Short sword       |    25 |    97 |    61 ||   183
  Throw: Dart              |       |       |     5 ||     5
  Evoke: Wand              |       |       |     1 ||     1
    Use: Scroll            |       |     1 |       ||     1
   Stab: Sleeping          |    17 |    13 |     1 ||    31
 Armour: Robe              |    23 |    28 |    25 ||    76
  Dodge: Dodged            |    72 |    51 |    58 ||   181
